| TOP OF THE 1ST |
|
University of Georgia Bulldogs batting - Pitching for University of Miami Hurricanes : LHP Ryan Hosken
|
|
Pitching: LHP Ryan Hosken
|
|
|
Batting: RHB Nate McCormick
|
0-0: Called Strike 0-1: Ball 1-1: Fly out, F7 (Flyball, 7, EV 78.8 MPH)
|
|
Batting: LHB Casey Bass
|
0-0: Called Strike 0-1: Foul Ball, location: 2F 0-2: Ground out 4-3 (Groundball, 34, EV 106.2 MPH)
|
|
Batting: RHB Charlie Davison
|
0-0: Ground out 3-1 (Groundball, 34, EV 82.5 MPH)
|
| Top of the 1st over - 0 runs, 0 hits, 0 errors, 0 left on base; University of Georgia 0 - University of Miami 0 |
| BOTTOM OF THE 1ST |
|
University of Miami Hurricanes batting - Pitching for University of Georgia Bulldogs : RHP Rich Gold
|
|
Pitching: RHP Rich Gold
|
|
|
Batting: LHB Brian Woods
|
0-0: Ball 1-0: Ball 2-0: Ball 3-0: Called Strike 3-1: SINGLE (Groundball, 34D, EV 100.0 MPH) (infield hit)
|
|
Batting: LHB Addergoole Kartosuwiryo
|
0-0: Ball 1-0: Ball 2-0: Fly out, F7 (Flyball, 7, EV 94.4 MPH)
|
|
Batting: RHB Burke Miller
|
0-0: Foul Ball, location: 2F 0-1: Called Strike 0-2: Foul Ball, location: 2F 0-2: Ball 1-2: Ball 2-2: Foul Ball, location: 2F 2-2: SINGLE (Groundball, 3D, EV 103.8 MPH) Brian Woods to second Runner from 2nd tries for 3rd, SAFE, throw by RF made to third
|
|
Batting: RHB Chris Zubia
|
0-0: Ball Burke Miller is caught stealing 2nd base 2-4 1-0: Fly out, F2 (Popup, 25F, EV 78.1 MPH)
|
| Bottom of the 1st over - 0 runs, 2 hits, 0 errors, 1 left on base; University of Georgia 0 - University of Miami 0 |
| TOP OF THE 2ND |
|
University of Georgia Bulldogs batting - Pitching for University of Miami Hurricanes : LHP Ryan Hosken
|
|
Batting: RHB Rodolfo Solis
|
0-0: Fly out, F7 (Line Drive, 7, EV 92.5 MPH)
|
|
Batting: LHB Dennis Klein
|
0-0: Ball 1-0: Ground out 4-3 (Groundball, 4, EV 99.4 MPH)
|
|
Batting: LHB Andy Dyer
|
0-0: Foul Ball, location: 2F 0-1: Ground out 3-1 (Groundball, 34, EV 88.8 MPH)
|
| Top of the 2nd over - 0 runs, 0 hits, 0 errors, 0 left on base; University of Georgia 0 - University of Miami 0 |
| BOTTOM OF THE 2ND |
|
University of Miami Hurricanes batting - Pitching for University of Georgia Bulldogs : RHP Rich Gold
|
|
Batting: SHB Taylor Shelton
|
0-0: Ball 1-0: Swinging Strike 1-1: Swinging Strike 1-2: Strikes out swinging
|
|
Batting: RHB Drew Morgenstern
|
0-0: Foul Ball, location: 2F 0-1: Foul Ball, location: 2F 0-2: Strikes out swinging
|
|
Batting: RHB Mark Kerr
|
0-0: Ball 1-0: Foul Ball, location: 2F 1-1: Swinging Strike 1-2: Ball 2-2: Strikes out swinging
|
| Bottom of the 2nd over - 0 runs, 0 hits, 0 errors, 0 left on base; University of Georgia 0 - University of Miami 0 |
| TOP OF THE 3RD |
|
University of Georgia Bulldogs batting - Pitching for University of Miami Hurricanes : LHP Ryan Hosken
|
|
Batting: LHB Luis Mejia
|
0-0: Called Strike 0-1: Called Strike 0-2: Hit by Pitch
|
|
Batting: RHB Albert Rodriguez
|
0-0: Swinging Strike Luis Mejia steals 2nd base 0-1: Foul Ball, location: 2F 0-2: Ball 1-2: Ball 2-2: Ground out 6-3 (Groundball, 56, EV 100.6 MPH)
|
|
Batting: LHB Edwin Zavala
|
0-0: Ball 1-0: Foul Ball, location: 2F 1-1: Ball 2-1: Ground out U3 (Groundball, 3, EV 82.5 MPH) Luis Mejia to third
|
|
Batting: RHB Nate McCormick
|
0-0: Called Strike 0-1: Fly out, F7 (Flyball, 78S, EV 85.0 MPH)
|
| Top of the 3rd over - 0 runs, 0 hits, 0 errors, 1 left on base; University of Georgia 0 - University of Miami 0 |
| BOTTOM OF THE 3RD |
|
University of Miami Hurricanes batting - Pitching for University of Georgia Bulldogs : RHP Rich Gold
|
|
Batting: RHB Tu Vo
|
0-0: Ball 1-0: Ball 2-0: Called Strike 2-1: Called Strike 2-2: Ball 3-2: Ground out 6-3 (Groundball, 6, EV 94.4 MPH)
|
|
Batting: RHB Justin Jackson
|
0-0: Foul Ball, location: 2F 0-1: Ball 1-1: Called Strike 1-2: Foul Ball, location: 2F 1-2: Strikes out swinging
|
|
Batting: LHB Brian Woods
|
0-0: Ball 1-0: Ground out 4-3 (Groundball, 4, EV 89.4 MPH)
|
| Bottom of the 3rd over - 0 runs, 0 hits, 0 errors, 0 left on base; University of Georgia 0 - University of Miami 0 |
| TOP OF THE 4TH |
|
University of Georgia Bulldogs batting - Pitching for University of Miami Hurricanes : LHP Ryan Hosken
|
|
Batting: LHB Casey Bass
|
0-0: Called Strike 0-1: Ball 1-1: Foul Ball, location: 2F 1-2: Ground out 1-3 (Groundball, 13, EV 66.2 MPH)
|
|
Batting: RHB Charlie Davison
|
0-0: SINGLE (Groundball, 56D, EV 103.8 MPH)
|
|
Batting: RHB Rodolfo Solis
|
0-0: Ball 1-0: Called Strike 1-1: Fly out, F9 (Flyball, 9, EV 86.2 MPH)
|
|
Batting: LHB Dennis Klein
|
0-0: Called Strike 0-1: Ball 1-1: Ball 2-1: Swinging Strike 2-2: Fly out, F8 (Flyball, 8RD, EV 81.2 MPH)
|
| Top of the 4th over - 0 runs, 1 hit, 0 errors, 1 left on base; University of Georgia 0 - University of Miami 0 |
| BOTTOM OF THE 4TH |
|
University of Miami Hurricanes batting - Pitching for University of Georgia Bulldogs : RHP Rich Gold
|
|
Batting: LHB Addergoole Kartosuwiryo
|
0-0: Called Strike 0-1: Ball 1-1: Foul Ball, location: 2F 1-2: Fly out, F9 (Flyball, 9D, EV 101.2 MPH)
|
|
Batting: RHB Burke Miller
|
0-0: Fly out, F7 (Flyball, 78S, EV 73.1 MPH)
|
|
Batting: RHB Chris Zubia
|
0-0: Foul Ball, location: 2F 0-1: Foul Ball, location: 2F 0-2: Ball 1-2: Ball 2-2: Foul Ball, location: 2F 2-2: Foul Ball, location: 2F 2-2: Ball 3-2: Foul Ball, location: 2F 3-2: Ground out 6-3 (Groundball, 6M, EV 103.8 MPH)
|
| Bottom of the 4th over - 0 runs, 0 hits, 0 errors, 0 left on base; University of Georgia 0 - University of Miami 0 |
| TOP OF THE 5TH |
|
University of Georgia Bulldogs batting - Pitching for University of Miami Hurricanes : LHP Ryan Hosken
|
|
Batting: LHB Andy Dyer
|
0-0: Fly out, F8 (Flyball, 8LD, EV 90.6 MPH)
|
|
Batting: LHB Luis Mejia
|
0-0: Ball 1-0: Called Strike 1-1: Ball 2-1: Swinging Strike 2-2: Strikes out swinging
|
|
Batting: RHB Albert Rodriguez
|
0-0: Called Strike 0-1: Called Strike 0-2: Ball 1-2: SINGLE (Groundball, 4S, EV 69.4 MPH) (infield hit)
|
|
Batting: LHB Edwin Zavala
|
0-0: Fly out, F7 (Flyball, 7LS, EV 91.2 MPH)
|
| Top of the 5th over - 0 runs, 1 hit, 0 errors, 1 left on base; University of Georgia 0 - University of Miami 0 |
| BOTTOM OF THE 5TH |
|
University of Miami Hurricanes batting - Pitching for University of Georgia Bulldogs : RHP Rich Gold
|
|
Batting: SHB Taylor Shelton
|
0-0: Ball 1-0: Swinging Strike 1-1: Ball 2-1: Foul Ball, location: 2F 2-2: Ball 3-2: Fly out, F4 (Line Drive, 4, EV 77.5 MPH)
|
|
Batting: RHB Drew Morgenstern
|
0-0: Foul Ball, location: 2F 0-1: Ball 1-1: Ball 2-1: Ground out 6-3 (Groundball, 6, EV 103.8 MPH)
|
|
Batting: RHB Mark Kerr
|
0-0: Reached on error, E6 (Groundball, 6, EV 83.8 MPH)
|
|
Batting: RHB Tu Vo
|
0-0: Called Strike 0-1: Ball 1-1: Called Strike Mark Kerr is caught stealing 2nd base 2-4
|
| Bottom of the 5th over - 0 runs, 0 hits, 1 error, 0 left on base; University of Georgia 0 - University of Miami 0 |
| TOP OF THE 6TH |
|
University of Georgia Bulldogs batting - Pitching for University of Miami Hurricanes : LHP Ryan Hosken
|
|
Batting: RHB Nate McCormick
|
0-0: Called Strike 0-1: Swinging Strike 0-2: Strikes out swinging
|
|
Batting: LHB Casey Bass
|
0-0: Ball 1-0: Called Strike 1-1: Ball 2-1: Called Strike 2-2: Foul Ball, location: 2F 2-2: Ball 3-2: Foul Ball, location: 2F 3-2: Foul Ball, location: 2F 3-2: Foul Ball, location: 2F 3-2: Base on Balls
|
|
Batting: RHB Charlie Davison
|
0-0: Foul Ball, location: 2F 0-1: Ball 1-1: Foul Ball, location: 2F 1-2: Ball 2-2: Fly out, F9 (Line Drive, 89M, EV 97.5 MPH)
|
|
Batting: RHB Rodolfo Solis
|
0-0: Ball 1-0: Called Strike 1-1: Ground out 6-3 (Groundball, 6S, EV 86.2 MPH)
|
| Top of the 6th over - 0 runs, 0 hits, 0 errors, 1 left on base; University of Georgia 0 - University of Miami 0 |
| BOTTOM OF THE 6TH |
|
University of Miami Hurricanes batting - Pitching for University of Georgia Bulldogs : RHP Rich Gold
|
|
Batting: RHB Tu Vo
|
0-0: Ball 1-0: Ball 2-0: Foul Ball, location: 2F 2-1: Ball 3-1: Called Strike 3-2: SINGLE (Groundball, 6, EV 95.6 MPH)
|
|
Pitching: RHP Pacu Panic
|
|
|
Batting: RHB Justin Jackson
|
0-0: Ball Tu Vo is caught stealing 2nd base 2-4 1-0: Called Strike 1-1: SINGLE (Flyball, 7S, EV 95.6 MPH)
|
|
Batting: LHB Brian Woods
|
0-0: Ball 1-0: Called Strike 1-1: Fielders Choice at 2nd, 4-6 (Groundball, 34, EV 97.5 MPH)
|
|
Batting: LHB Addergoole Kartosuwiryo
|
0-0: Called Strike 0-1: Called Strike 0-2: Ball 1-2: 2-RUN HOME RUN (Flyball, 9D, EV 95.6 MPH), Distance : 368 ft
|
|
Batting: RHB Burke Miller
|
0-0: Ball 1-0: Foul Ball, location: 2F 1-1: Ball 2-1: Called Strike 2-2: SINGLE (Groundball, 56S, EV 63.1 MPH) (infield hit)
|
|
Batting: RHB Chris Zubia
|
0-0: Ball Burke Miller is caught stealing 2nd base 2-4
|
| Bottom of the 6th over - 2 runs, 4 hits, 0 errors, 0 left on base; University of Georgia 0 - University of Miami 2 |
| TOP OF THE 7TH |
|
University of Georgia Bulldogs batting - Pitching for University of Miami Hurricanes : LHP Ryan Hosken
|
|
Batting: LHB Dennis Klein
|
0-0: Foul Ball, location: 2F 0-1: Ball 1-1: Foul Ball, location: 2F 1-2: SOLO HOME RUN (Flyball, 9LD, EV 96.2 MPH), Distance : 340 ft
|
|
Pitching: LHP Bill MacDermid
|
|
|
Batting: LHB Andy Dyer
|
0-0: Ball 1-0: Foul Ball, location: 2F 1-1: Swinging Strike 1-2: Foul Ball, location: 2F 1-2: Ball 2-2: Strikes out looking
|
|
Pinch Hitting: RHB Ed Howard
|
0-0: Called Strike 0-1: Called Strike 0-2: Ball 1-2: Strikes out looking
|
|
Batting: RHB Albert Rodriguez
|
0-0: Ball 1-0: Foul Ball, location: 2F 1-1: Called Strike 1-2: Ball 2-2: Strikes out looking
|
| Top of the 7th over - 1 run, 1 hit, 0 errors, 0 left on base; University of Georgia 1 - University of Miami 2 |
| BOTTOM OF THE 7TH |
|
University of Miami Hurricanes batting - Pitching for University of Georgia Bulldogs : RHP Pacu Panic
|
|
Now at 3B: Ed Howard
|
|
|
Batting: RHB Chris Zubia
|
0-0: Ball 1-0: SINGLE (Groundball, 56D, EV 98.1 MPH)
|
|
Batting: SHB Taylor Shelton
|
0-0: Ball 1-0: Foul Ball, location: 2F 1-1: Foul Ball, location: 2F 1-2: Ball 2-2: Foul Ball, location: 2F 2-2: Strikes out swinging
|
|
Batting: RHB Drew Morgenstern
|
0-0: Called Strike 0-1: Called Strike 0-2: Fly out, F8 (Flyball, 8RM, EV 87.5 MPH)
|
|
Batting: RHB Mark Kerr
|
0-0: Swinging Strike 0-1: Foul Ball, location: 2F 0-2: Strikes out looking
|
| Bottom of the 7th over - 0 runs, 1 hit, 0 errors, 1 left on base; University of Georgia 1 - University of Miami 2 |
| TOP OF THE 8TH |
|
University of Georgia Bulldogs batting - Pitching for University of Miami Hurricanes : LHP Bill MacDermid
|
|
Pitching: LHP Bill Judd
|
|
|
Now at 1B: Brian Woods
|
|
|
Now in RF: Jose Lopez
|
|
|
Batting: LHB Edwin Zavala
|
0-0: Ball 1-0: Ball 2-0: Ball 3-0: Base on Balls
|
|
Batting: RHB Nate McCormick
|
0-0: SINGLE (Groundball, 4MD, EV 102.5 MPH) Edwin Zavala to second Runner from 2nd tries for 3rd, SAFE, throw by CF made to third
|
|
Batting: LHB Casey Bass
|
0-0: SINGLE (Flyball, 4MD, EV 90.6 MPH) Edwin Zavala scores Nate McCormick to second
|
|
Batting: RHB Charlie Davison
|
0-0: Ball 1-0: SINGLE (Groundball, 6MS, EV 66.9 MPH) (infield hit) Nate McCormick to third Casey Bass to second
|
|
Batting: RHB Rodolfo Solis
|
0-0: Ball 1-0: Called Strike 1-1: Foul Ball, location: 2F 1-2: Ball 2-2: Ball 3-2: Base on Balls Nate McCormick scores Casey Bass to third Charlie Davison to second
|
|
Batting: LHB Dennis Klein
|
0-0: Foul Ball, location: 2F 0-1: Called Strike 0-2: Ball 1-2: Foul Ball, location: 2F 1-2: Foul Ball, location: 2F 1-2: Reached on error, E3 (Groundball, 34S, EV 81.9 MPH) Casey Bass scores Charlie Davison to third Rodolfo Solis to second
|
|
Batting: LHB Andy Dyer
|
0-0: Ball 1-0: Called Strike 1-1: SINGLE (Line Drive, 5D, EV 96.9 MPH) Charlie Davison scores Rodolfo Solis to third Dennis Klein to second
|
|
Pitching: RHP Terry Johnson
|
|
|
Batting: RHB Ed Howard
|
0-0: Fly out, F3 (Line Drive, 3, EV 65.6 MPH)
|
|
Batting: RHB Albert Rodriguez
|
0-0: Grounds into fielders choice 5-2 (Groundball, 5, EV 90.0 MPH) Dennis Klein to third Andy Dyer to second
|
|
Batting: LHB Edwin Zavala
|
0-0: Called Strike 0-1: Swinging Strike 0-2: Ball 1-2: Ball 2-2: Strikes out swinging
|
| Top of the 8th over - 4 runs, 4 hits, 1 error, 3 left on base; University of Georgia 5 - University of Miami 2 |
| BOTTOM OF THE 8TH |
|
University of Miami Hurricanes batting - Pitching for University of Georgia Bulldogs : RHP Pacu Panic
|
|
Pitching: RHP Li-zhu Liu
|
|
|
Batting: RHB Tu Vo
|
0-0: Ball 1-0: Foul Ball, location: 2F 1-1: Called Strike 1-2: Ball 2-2: Ball 3-2: Ground out 4-3 (Groundball, 4S, EV 74.4 MPH)
|
|
Batting: RHB Justin Jackson
|
0-0: Ball 1-0: Swinging Strike 1-1: Ball 2-1: Fly out, F9 (Flyball, 9, EV 87.5 MPH)
|
|
Batting: LHB Brian Woods
|
0-0: Ball 1-0: Called Strike 1-1: Foul Ball, location: 2F 1-2: Ground out U3 (Groundball, 34, EV 105.0 MPH)
|
| Bottom of the 8th over - 0 runs, 0 hits, 0 errors, 0 left on base; University of Georgia 5 - University of Miami 2 |
| TOP OF THE 9TH |
|
University of Georgia Bulldogs batting - Pitching for University of Miami Hurricanes : RHP Terry Johnson
|
|
Batting: RHB Nate McCormick
|
0-0: Swinging Strike 0-1: Foul Ball, location: 2F 0-2: Foul Ball, location: 2F 0-2: Ball 1-2: Strikes out looking
|
|
Batting: LHB Casey Bass
|
0-0: Swinging Strike 0-1: Ball 1-1: Ball 2-1: Foul Ball, location: 2F 2-2: Ball 3-2: Strikes out looking
|
|
Batting: RHB Charlie Davison
|
0-0: Ball 1-0: Called Strike 1-1: Ball 2-1: SOLO HOME RUN (Flyball, 78XD, EV 98.8 MPH), Distance : 384 ft
|
|
Batting: RHB Rodolfo Solis
|
0-0: Ball 1-0: Ball 2-0: Ball 3-0: Base on Balls
|
|
Batting: LHB Dennis Klein
|
0-0: Called Strike 0-1: Fly out, F7 (Flyball, 7, EV 83.8 MPH)
|
| Top of the 9th over - 1 run, 1 hit, 0 errors, 1 left on base; University of Georgia 6 - University of Miami 2 |
| BOTTOM OF THE 9TH |
|
University of Miami Hurricanes batting - Pitching for University of Georgia Bulldogs : RHP Li-zhu Liu
|
|
Pitching: LHP Jon Lucas
|
|
|
Batting: LHB Addergoole Kartosuwiryo
|
0-0: Ball 1-0: Ball 2-0: SOLO HOME RUN (Flyball, 89XD, EV 109.4 MPH), Distance : 430 ft
|
|
Batting: RHB Burke Miller
|
0-0: Ball 1-0: Called Strike 1-1: Ball 2-1: Foul Ball, location: 2F 2-2: SOLO HOME RUN (Flyball, 7D, EV 95.0 MPH), Distance : 357 ft
|
|
Pinch Hitting: LHB Dennis Jones
|
0-0: SOLO HOME RUN (Flyball, 9LD, EV 89.4 MPH), Distance : 333 ft
|
|
Pitching: LHP Vinny Segarra
|
|
|
Batting: SHB Taylor Shelton
|
0-0: Called Strike 0-1: Ball 1-1: Fly out, F8 (Flyball, 8LM, EV 86.9 MPH)
|
|
Batting: RHB Drew Morgenstern
|
0-0: Ground out 5-3 (Groundball, 56, EV 85.6 MPH)
|
|
Batting: RHB Mark Kerr
|
0-0: Called Strike 0-1: Foul Ball, location: 2F 0-2: Foul Ball, location: 2F 0-2: Ball 1-2: Ground out 6-3 (Groundball, 6, EV 83.8 MPH)
|
| Bottom of the 9th over - 3 runs, 3 hits, 0 errors, 0 left on base; University of Georgia 6 - University of Miami 5 |
|